 Dungeon Crawl Stone Soup version 0.17.0-28-g6e173f8 (webtiles) character file.

65 septik the Ruffian (level 4, 0/42 HPs)
             Began as a Naga Fighter on Nov 24, 2015.
             Shot with a stone by a goblin (3 damage)
             ... led by Robin
             ... on level 2 of the Dungeon.
             The game lasted 00:03:40 (1349 turns).

septik the Ruffian (Naga Fighter)                   Turns: 1349, Time: 00:03:41

Health: 0/42       AC:  4    Str: 23    XL:     4   Next: 13%
Magic:  4/4        EV:  5    Int:  8    God:
Gold:   53         SH:  9    Dex: 12    Spells: 0 memorised, 3 levels left

rFire  . . .     SeeInvis +       - Unarmed
rCold  . . .     Clarity  .     a - +0 scale mail
rNeg   . . .     SustAt   .     b - +0 shield
rPois  +         Gourm    .     (no helmet)
rElec  .         Spirit   .     (no cloak)
rCorr  .         Warding  .     (no gloves)
rMut   .         Stasis   .     (no barding)
MR     .....                    (no amulet)
Stlth  ..........               (no ring)
                                (no ring)

@: mighty, short of breath, very slow, not resistant to hostile enchantments,
extremely unstealthy
A: see invisible, deformed body, poison resistance, slowness 2, slow metabolism
1, spit poison 2, AC +1
a: Spit Poison


You were on level 2 of the Dungeon.
You were hungry.

You visited 1 branch of the dungeon, and saw 2 of its levels.

You collected 53 gold pieces.

Inventory:

Missiles
 e - 74 stones (quivered)
Armour
 a - a +0 scale mail (worn)
 b - a +0 shield (worn)
Scrolls
 f - a scroll of identify {unknown}
 g - a scroll of recharging {unknown}
 j - a scroll of remove curse {unknown}
 k - a scroll of magic mapping {unknown}
Potions
 h - a potion of curing {unknown}
 i - a potion of invisibility {unknown}
Comestibles
 d - 2 bread rations


   Skills:
 - Level 3.0 Fighting
 - Level 2.4 Armour
 - Level 2.4 Shields
 + Level 4.2 Unarmed Combat


You had 3 spell levels left.
You didn't know any spells.

Dungeon Overview and Level Annotations

Branches:
Dungeon (2/15)

Altars:

Annotations:
D:2 Robin


Innate Abilities, Weirdness & Mutations

You cannot wear boots.
Your serpentine skin is tough (AC +1).
You have supernaturally acute eyesight.
Armour fits poorly on your strangely shaped body.
Your system is resistant to poisons.
You cover ground very slowly.
You have a slow metabolism.
You can spit poison.


Message History

Unknown command.
You hit the jackal.
The jackal is lightly wounded.
The jackal bites you but does no damage.
The jackal bites you.
* * * LOW HITPOINT WARNING * * *
You block the jackal's attack. You block the jackal's attack.
The jackal barely misses you. Robin hits you from afar with a spear.
* * * LOW HITPOINT WARNING * * *
The jackal bites you but does no damage.
Unknown command.
Press: ? - help, Shift-Dir - straight line, f - jackal
Aim: a jackal The splash of poison hits the jackal.
The jackal is lightly wounded.
You feel slightly more hungry. You block the jackal's attack.
The jackal barely misses you. You block Robin's attack.
The goblin shoots a stone.
The stone hits you.
You die...

...............# #.#.........#
######.#.##.#### #.#...#.######
#.#.##.# #.#...#.##...# #.#.##.#
#.#........#.#
######.#.##.#######.......##...#
.................####...#####.##
#'#####'##.####..#.g....#####g###
...# #...#.####..#K##†.......h†)#
...# #...#.##...@.hg))#.#####.#.#
...# #...#.##.#.h#g###........#†#
...# #...#.##.#..#.###..#######g#
...# #...#.......#......# #.#
...# #...####.########.## #..hgg
...# #...# #......# #.# #.##h#
...# #...# #..###.###.### #


.gh ...# #...####....#.#.....# .h. ...# #...##......#.#.....# #.## You could see
Robin, 2 jackals, 2 goblins and a kobold.

Vanquished Creatures
  An adder (D:2)
  A gnoll (D:1)
  A giant gecko (D:2)
  A ball python (D:1)
  4 bats (D:1)
  A giant cockroach (D:1)
  3 hobgoblins (D:2)
  13 jackals
  6 kobolds
  6 goblins (D:2)
  3 rats
40 creatures vanquished.

Notes
Turn   | Place    | Note
--------------------------------------------------------------
     0 | D:1      | septik the Naga Fighter began the quest for the Orb.
     0 | D:1      | Reached XP level 1. HP: 21/21 MP: 1/1
   120 | D:1      | Reached XP level 2. HP: 18/28 MP: 2/2
   415 | D:1      | Reached XP level 3. HP: 34/34 MP: 3/3
  1297 | D:2      | Reached skill level 4 in Unarmed Combat
  1305 | D:2      | Noticed Robin
  1332 | D:2      | Reached XP level 4. HP: 8/42 MP: 4/4
  1349 | D:2      | Shot with a stone by a goblin

Action                   |  1- 3 |  4- 6 || total
-------------------------+-------+-------++-------
Melee: Unarmed           |   101 |    12 ||   113
Throw: Stone             |     8 |       ||     8
 Abil: Spit Poison       |    16 |     1 ||    17
  Use: Potion            |     1 |       ||     1
  Eat: Chunk             |     1 |       ||     1
